 Dungeon Crawl Stone Soup version 0.25.1-2-g60ff931df9 (webtiles) character file.

Game seed: 10446049358296230082

28 Turner1 the Covered (level 2, 0/24 HPs)
             Began as a Demonspawn Fighter on Oct 13, 2020.
             Succumbed to an adder's poison
             ... on level 2 of the Dungeon.
             The game lasted 00:03:38 (782 turns).

Turner1 the Covered (Demonspawn Fighter)             Turns: 782, Time: 00:03:38

Health: 0/24       AC: 11    Str: 16    XL:     2   Next: 96%
Magic:  2/2        EV:  2    Int:  7    God:
Gold:   79         SH:  8    Dex: 12    Spells: 1/1 levels left

rFire    . . .     SeeInvis .   a - +0 long sword
rCold    + . .     Gourm    .   c - +0 kite shield
rNeg     . . .     Faith    .   e - +0 plate armour
rPois    .         Spirit   .   (no helmet)
rElec    .         Reflect  .   n - scarf {+Inv}
rCorr    .         Harm     .   (no gloves)
MR       +....                  (no boots)
Stlth    ..........             (no amulet)
HPRegen  0.08/turn              j - ring of wizardry
MPRegen  0.08/turn              (no ring)

@: brilliant, lethally poisoned (0 -> -2)
A: talons 1, cold resistance 1, dopey 1, magic resistance 1
a: Evoke Invisibility


You were on level 2 of the Dungeon.
You were not hungry.

You visited 1 branch of the dungeon, and saw 2 of its levels.

You collected 79 gold pieces.

Inventory:

Hand Weapons
 a - a +0 long sword (weapon)
Armour
 c - a +0 kite shield (worn)
 e - a +0 plate armour (worn)
 n - a scarf of invisibility (worn)
Jewellery
 j - a ring of wizardry (left hand)
Scrolls
 b - 2 scrolls of remove curse {unknown}
 g - a scroll of immolation {unknown}
 i - 2 scrolls of identify {unknown}
 k - a scroll of random uselessness {unknown}
Potions
 d - 2 potions of might
 h - a potion of brilliance
Comestibles
 f - 2 rations


   Skills:
 * Level 3.1 Fighting
 - Level 2.0 Long Blades
 * Level 3.1 Armour
 - Level 0.9 Stealth
 + Level 2.8 Shields
 * Level 0.2 Evocations


You had one spell level left.
You didn't know any spells.
Your spell library was empty.

Dungeon Overview and Level Annotations

Branches:
Dungeon (2/15)

Altars:


Innate Abilities, Weirdness & Mutations

You have sharp toenails.
Your flesh is cold resistant. (rC+)
You are dopey. (Int -2)
You are resistant to hostile enchantments. (MR+)


Message History

It was a potion of mutation.
You feel extremely strange.
You feel resistant to hostile enchantments.
You feel stupid.
You feel resistant to cold.
* * * LOW HITPOINT WARNING * * *
You feel sick.
It was a potion of brilliance.
You feel clever all of a sudden.
Okay, then.
* * * LOW HITPOINT WARNING * * *
You feel sick.
* * * LOW HITPOINT WARNING * * *
You feel sick.
* * * LOW HITPOINT WARNING * * *
You feel sick.
All of the chunks of flesh in your inventory have rotted away.
* * * LOW HITPOINT WARNING * * *
You feel sick.
* * * LOW HITPOINT WARNING * * *
You feel sick.
You die...

#.....# +.....#
#.....# ......+
#.....##
+......#
########......#
#.@....†....#
#.#########.#
#.# #<#
#.#######.#
#.........#
###########


There were no monsters in sight!

Vanquished Creatures
  An adder (D:2)
  An ooze (D:1)
  A dart slug (D:1)
  A ball python (D:1)
  6 bats (D:1)
  A giant cockroach (D:1)
  A goblin (D:1)
  3 rats (D:1)
15 creatures vanquished.

Notes
Turn   | Place    | Note
-------+----------+-------------------------------------------
     0 | D:1      | Turner1 the Demonspawn Fighter began the quest for the Orb.
     0 | D:1      | Reached XP level 1. HP: 18/18 MP: 1/1
   192 | D:1      | Gained mutation: You have sharp toenails. [demonic
                  | ancestry]
   192 | D:1      | Reached XP level 2. HP: 24/24 MP: 2/2
   764 | D:2      | Gained mutation: You are resistant to hostile enchantments.
                  | (MR+) [potion of mutation]
   764 | D:2      | Gained mutation: You are dopey. (Int -2) [potion of
                  | mutation]
   764 | D:2      | Gained mutation: Your flesh is cold resistant. (rC+)
                  | [potion of mutation]
   778 | D:2      | HP: 1/24 [poisoned by an adder]
   782 | D:2      | Succumbed to an adder's poison

Illustrated notes

Levels and vault maps discovered:
D:1:      eino_arrival_water_cross, layout_loops_ring
D:2:      layout_basic, gammafunk_temple_overflow_claw, minmay_misc_feat_alley

Skill      XL: |  1 |
---------------+----+-----
Long Blades    | 2 |  2.0
Armour         | 3 |  3.1
Fighting       | |  3.1
Stealth        | |  0.9
Shields        | |  2.8
Evocations     | |  0.2

Action                   || total
-------------------------++-------
Melee: Long sword        ||    60
       Kick              ||     5
  Use: Potion            ||     2
Armor: Plate armour      ||    70
       Scale mail        ||     1
Dodge: Dodged            ||    11
Block: Kite shield       ||    42
       Rpst.: Long sword ||     4
